 Dungeon Sprint DCSS version 0.31.0-12-g77e489cdc1 (webtiles) character file.

Game seed: 2296878910565704984

2 Minsecho the Slasher (level 1, -1/14 (17) HPs)
             Began as a Barachi Reaver on Feb 18, 2024.
             Slain by Jessica
             ... wielding a +0 club
              (2 damage)
             ... in the Dungeon (Sprint III: "The Ten Rune Challenge").
             The game lasted 00:00:17 (17 turns).

Minsecho the Slasher (Barachi Reaver)                 Turns: 17, Time: 00:00:18

HP:   -1/14 (17)    AC:  3    Str: 13    XL:     1   Next: 30%
MP:   2/3           EV: 11    Int: 13    God:
Gold: 0             SH:  0    Dex: 10    Spells: 3/4 levels left

rFire   . . .        i - +3 dagger (flame)
rCold   . . .        (no shield)
rNeg    . . .        b - +0 leather armour
rPois   .            (no helmet)
rElec   .            (no cloak)
rCorr   .            (no gloves)
SInv    .            (no boots)
Will    .....        (no amulet)
Stlth   +            (no ring)
HPRegen 0.22/turn    (no ring)
MPRegen 0.08/turn

%: no teleportation
@: heavily drained, slow
A: amphibious, slowness 1, strong legs 1, +LOS
a: Hop


You were in the Dungeon.
You visited 1 branch

Inventory:

Hand Weapons
 a - a +0 falchion
 i - a +3 dagger of flaming (weapon)
Armour
 b - a +0 leather armour (worn)
Scrolls
 h - a scroll of blinking
Potions
 c - a potion of curing
 d - a potion of heal wounds
 e - a potion of haste
 f - 2 potions of magic
 g - a potion of berserk rage


   Skills:
 + Level 2.5 Fighting
 + Level 4.1 Long Blades
 + Level 2.3 Dodging
 + Level 2.3 Spellcasting
 + Level 3.6 Conjurations


You had 3 spell levels left.
You knew the following spells:

 Your Spells              Type           Power      Damage    Failure   Level
a - Kiss of Death         Conj/Necr      24%        2d7       14%         1

Your spell library contained the following spells:

 Spells                   Type           Power      Damage    Failure   Level
 Momentum Strike          Conj/Tloc      12%        3d8       22%         2
 Hailstorm                Conj/Ice       6%         3d5       41%         3


Dungeon Overview and Level Annotations

Branches:
Dungeon (1/1)

Altars:

Annotations:
D Jessica


Innate Abilities, Weirdness & Mutations

You are amphibious.
You cover ground slowly.
You can hop short distances.
You have an extended range of vision and can be seen from far away.


Message History

The endoplasm freezes you.
You are frozen.
You hit the endoplasm but do no damage.
The endoplasm is heavily wounded.
The rat bites you but does no damage.
The endoplasm hits you but does no damage.
You hit the endoplasm.
You kill the endoplasm!
The rat bites you.
Your Long Blades skill increases to level 4!
You completely miss the rat. The rat closely misses you.
You hit the rat.
You kill the rat!
You see here a rat corpse.
You see here a +3 dagger of flaming.
i - a +3 dagger of flaming Your +3 dagger of flaming bursts into flame!
i - a +3 dagger of flaming (weapon)
You open the door.
A rat comes into view.
The rat squeaks loudly.
You hear a shout!
Jessica the Apprentice Sorceress comes into view.
She is wielding a +0 club.
Found 6 gold pieces.
Jessica shouts!
The rat bites you.
There is an open door here.
You barely miss the rat. The rat closely misses you.
Jessica casts a spell at you. Pain shoots through your body!
Ouch! That really hurt!
* * * LOW HITPOINT WARNING * * *
Casting: Kiss of Death (safe; 14% risk of failure)
Confirm with . or Enter, or press ? or * to list all spells.
Aiming: Kiss of Death (safe; 14% risk of failure)
Press: ? - help, Shift-Dir - straight line, f - Jessica
Aim: Jessica, wielding a +0 club and wearing a +0 robe (100% to hit)
The negative energy hits Jessica.
Jessica is drained!
Jessica is severely wounded.
You feel drained. The rat barely misses you. Jessica hits you with a +0 club.
You die...

▓▓▓▓
▓<.#
▓..#
▓#'####
▓..†..#
▓.....#
▓.....#
▓####@#
▓$..@r#
▓.....#
▓.....#
▓+#####


You could see Jessica (very drained) and a rat.

Vanquished Creatures
  An endoplasm (D)
  A rat (D)
2 creatures vanquished.

Notes
Turn   | Place    | Note
-------+----------+-------------------------------------------
     0 | D        | Minsecho the Barachi Reaver began the quest for the Orb.
     0 | D        | Reached XP level 1. HP: 17/17 MP: 3/3
     7 | D        | Reached skill level 4 in Long Blades
    15 | D        | Noticed Jessica
    17 | D        | Slain by Jessica

Illustrated notes

Levels and vault maps discovered:
D:        dungeon_sprint_mu [sprint_mu_entry_forest, sprint_mu_temple_rooms,
          sprint_mu_d1_horrors, sprint_mu_d2_genie, sprint_mu_d3_branching,
          sprint_mu_orc_legion, sprint_mu_elf_gauntlet, sprint_mu_hive_nellie,
          sprint_mu_lair_fedhas, sprint_mu_vaults_butterflies,
          sprint_mu_slime_circle, sprint_mu_shoals_archi,
          sprint_mu_snake_twists, sprint_mu_blade_basic,
          sprint_mu_crypt_fortress, sprint_mu_tomb_spiral,
          sprint_mu_vestibule_basic, sprint_mu_gehenna_hellfire,
          sprint_mu_dis_giant, sprint_mu_tartarus_statrot,
          sprint_mu_cocytus_islands, sprint_mu_zot1]

Skill      XL: |  1 |
---------------+----+-----
Long Blades    | 4 |  4.1
Fighting       | |  2.5
Dodging        | |  2.3
Spellcasting   | |  2.3
Conjurations   | |  3.6

Action                     || total
---------------------------++-------
  Melee: Falchion          ||     6
         Dagger            ||     1
   Cast: Kiss of Death     ||     1
 Armour: Leather armour    ||     6
  Dodge: Dodged            ||     5
